3A
BELLEVUE BRUINS @ IDAHO FALLS CHUKARS
06/07/2024
 
TOP OF THE 1ST
Bellevue Bruins batting - Pitching for Idaho Falls Chukars : RHP José Macías
Pitching: RHP José Macías
Batting: RHB Jesús Vargas 0-0: Called Strike
0-1: Ball
1-1: Ball
2-1: Ground out 6-3 (Groundball, 6M)
Batting: LHB José Barrón 0-0: Foul Ball, location: 2F
0-1: Ball
1-1: Fly out, F9 (Flyball, 89M)
Batting: LHB Chia-ch'ing Dodman 0-0: Ground out U3 (Groundball, 3S)
Top of the 1st over - 0 run(s), 0 hit(s), 0 error(s), 0 left on base; Bellevue 0 - Idaho Falls 0
BOTTOM OF THE 1ST
Idaho Falls Chukars batting - Pitching for Bellevue Bruins : RHP Omar Casteneda
Pitching: RHP Omar Casteneda
Batting: LHB Roberto Soto 0-0: Ball
1-0: Ground out U3 (Groundball, 3L)
Batting: RHB Fernando Granados 0-0: Ground out 4-3 (Groundball, 4)
Batting: SHB Pablo Coloa 0-0: Ball
1-0: Ball
2-0: Reached on error, E4 (Groundball, 4)
Batting: RHB Adrian Rodgers 0-0: Called Strike
Pablo Coloa steals 2nd base
0-1: Foul Ball, location: 2F
0-2: Foul Ball, location: 2F
0-2: Strikes out looking
Bottom of the 1st over - 0 run(s), 0 hit(s), 1 error(s), 1 left on base; Bellevue 0 - Idaho Falls 0
TOP OF THE 2ND
Bellevue Bruins batting - Pitching for Idaho Falls Chukars : RHP José Macías
Batting: LHB Jim Schlossnagle 0-0: Ball
1-0: Swinging Strike
1-1: SINGLE (Line Drive, 4D)
Batting: RHB Javier Valdés 0-0: Called Strike
0-1: Called Strike
0-2: Fielders Choice at 2nd, 1-6 (Groundball, 15)
Batting: RHB Mark Bishop 0-0: Ball
1-0: Called Strike
1-1: SINGLE (Groundball, 56D)
Javier Valdés to second
Batting: RHB Luis Rodríguez 0-0: Ball
1-0: Ball
2-0: Foul Ball, location: 2F
2-1: Called Strike
2-2: Strikes out swinging
Batting: RHB Leo Shoemaker 0-0: Ball
1-0: Ball
2-0: Called Strike
2-1: Ball
3-1: DOUBLE (Line Drive, 78M)
Javier Valdés scores
Mark Bishop to third
Runner from 3rd tries for Home, SAFE, no throw or cutoff
Batting: RHB Nick Hoskins 0-0: Ball
1-0: Called Strike
1-1: Ball
2-1: Ball
3-1: Base on Balls
Batting: RHB Jesús Vargas 0-0: Called Strike
0-1: Swinging Strike
0-2: Ball
1-2: Strikes out swinging
Top of the 2nd over - 2 run(s), 3 hit(s), 0 error(s), 2 left on base; Bellevue 2 - Idaho Falls 0
BOTTOM OF THE 2ND
Idaho Falls Chukars batting - Pitching for Bellevue Bruins : RHP Omar Casteneda
Batting: RHB Michael Bradshaw 0-0: Ground out 2-3 (Groundball, 15S)
Batting: RHB Scott Ramsey 0-0: Swinging Strike
0-1: Swinging Strike
0-2: Ball
1-2: Ball
2-2: Ball
3-2: Strikes out looking
Batting: RHB Vicente Cruz 0-0: Ground out 5-3 (Groundball, 5S)
Bottom of the 2nd over - 0 run(s), 0 hit(s), 0 error(s), 0 left on base; Bellevue 2 - Idaho Falls 0
TOP OF THE 3RD
Bellevue Bruins batting - Pitching for Idaho Falls Chukars : RHP José Macías
Batting: LHB José Barrón 0-0: Ball
1-0: Ball
2-0: Called Strike
2-1: Swinging Strike
2-2: SINGLE (Line Drive, 34)
Batting: LHB Chia-ch'ing Dodman 0-0: Called Strike
0-1: Ball
1-1: Ball
2-1: Ball
3-1: Foul Ball, location: 2F
3-2: TRIPLE (Flyball, 89D)
José Barrón scores
Batting: LHB Jim Schlossnagle 0-0: Ground out 6-3 (Groundball, 6)
Chia-ch'ing Dodman scores
Batting: RHB Javier Valdés 0-0: Ball
1-0: Called Strike
1-1: Ball
2-1: Ball
3-1: Base on Balls
Batting: RHB Mark Bishop 0-0: Ball
1-0: Swinging Strike
1-1: Called Strike
1-2: Strikes out swinging
Batting: RHB Luis Rodríguez 0-0: Ball
1-0: Called Strike
1-1: Fielders Choice at 2nd, 5-4 (Groundball, 56)
Top of the 3rd over - 2 run(s), 2 hit(s), 0 error(s), 0 left on base; Bellevue 4 - Idaho Falls 0
BOTTOM OF THE 3RD
Idaho Falls Chukars batting - Pitching for Bellevue Bruins : RHP Omar Casteneda
Batting: SHB Félix Medina 0-0: Ball
1-0: Foul Ball, location: 2F
1-1: Ball
2-1: Ball
3-1: Ground out 1-3 (Groundball, 15)
Batting: RHB Christian Gentry 0-0: Ground out 5-3 (Groundball, 56)
Batting: LHB Roberto Soto 0-0: Called Strike
0-1: Fly out, F2 (Popup, 2LF)
Bottom of the 3rd over - 0 run(s), 0 hit(s), 0 error(s), 0 left on base; Bellevue 4 - Idaho Falls 0
TOP OF THE 4TH
Bellevue Bruins batting - Pitching for Idaho Falls Chukars : RHP José Macías
Batting: RHB Leo Shoemaker 0-0: Foul Ball, location: 2F
0-1: Ball
1-1: SINGLE (Groundball, 6MD)
Batting: RHB Nick Hoskins 0-0: Ball
1-0: Foul Ball, location: 2F
1-1: SINGLE (Line Drive, 34D)
Leo Shoemaker to second
Batting: RHB Jesús Vargas 0-0: Called Strike
0-1: Ball
1-1: Foul Ball, location: 2F
1-2: Fly out, F2 (Popup, 2R)
Batting: LHB José Barrón 0-0: Reached on error, E4 (Groundball, 4)
Leo Shoemaker to third
Nick Hoskins to second
Batting: LHB Chia-ch'ing Dodman 0-0: Ball
1-0: Ball
2-0: Fielders Choice at 2nd, 3-6 (Groundball, 34)
Leo Shoemaker scores
Nick Hoskins to third
Batting: LHB Jim Schlossnagle 0-0: Foul Ball, location: 2F
0-1: SINGLE (Line Drive, 3D)
Nick Hoskins scores
Chia-ch'ing Dodman to second
Runner from 2nd tries for 3rd, SAFE, throw made to third
Batting: RHB Javier Valdés 0-0: Ball
1-0: Foul Ball, location: 2F
1-1: Called Strike
1-2: SINGLE (Groundball, 34D)
Chia-ch'ing Dodman scores
Jim Schlossnagle to second
Runner from 2nd tries for 3rd, SAFE, no throw or cutoff
Pitching: LHP An Jang-Yop
Batting: RHB Mark Bishop 0-0: Called Strike
0-1: Ball
1-1: Ball
2-1: Swinging Strike
2-2: Strikes out swinging
Top of the 4th over - 3 run(s), 4 hit(s), 1 error(s), 2 left on base; Bellevue 7 - Idaho Falls 0
BOTTOM OF THE 4TH
Idaho Falls Chukars batting - Pitching for Bellevue Bruins : RHP Omar Casteneda
Batting: RHB Fernando Granados 0-0: Called Strike
0-1: Foul Ball, location: 2F
0-2: Ball
1-2: SINGLE (Line Drive, 6D)
Batting: SHB Pablo Coloa 0-0: Ball
Fernando Granados steals 2nd base
1-0: Called Strike
1-1: Called Strike
1-2: Ball
2-2: Strikes out looking
Batting: RHB Adrian Rodgers 0-0: Ball
Fernando Granados steals 3rd base
1-0: Ball
2-0: Foul Ball, location: 2F
2-1: Fly out, F8 (Flyball, 8LM)
Runner from 3rd tags up, SCORES, no throw
Batting: RHB Michael Bradshaw 0-0: Called Strike
0-1: Foul Ball, location: 2F
0-2: Foul Ball, location: 2F
0-2: Strikes out swinging
Bottom of the 4th over - 1 run(s), 1 hit(s), 0 error(s), 0 left on base; Bellevue 7 - Idaho Falls 1
TOP OF THE 5TH
Bellevue Bruins batting - Pitching for Idaho Falls Chukars : LHP An Jang-Yop
Batting: RHB Luis Rodríguez 0-0: Ball
1-0: Foul Ball, location: 2F
1-1: Fly out, F8 (Flyball, 8RS)
Batting: RHB Leo Shoemaker 0-0: Foul Ball, location: 2F
0-1: Foul Ball, location: 2F
0-2: Strikes out swinging
Batting: RHB Nick Hoskins 0-0: Ball
1-0: Foul Ball, location: 2F
1-1: Foul Ball, location: 2F
1-2: SINGLE (Line Drive, 6MD)
Batting: RHB Jesús Vargas 0-0: Called Strike
0-1: Called Strike
0-2: Strikes out swinging
Top of the 5th over - 0 run(s), 1 hit(s), 0 error(s), 1 left on base; Bellevue 7 - Idaho Falls 1
BOTTOM OF THE 5TH
Idaho Falls Chukars batting - Pitching for Bellevue Bruins : RHP Omar Casteneda
Batting: RHB Scott Ramsey 0-0: Ball
1-0: Swinging Strike
1-1: Swinging Strike
1-2: Ball
2-2: Strikes out looking
Batting: RHB Vicente Cruz 0-0: Called Strike
0-1: Called Strike
0-2: Foul Ball, location: 2F
0-2: Ball
1-2: Strikes out looking
Batting: SHB Félix Medina 0-0: Ball
1-0: Ball
2-0: Foul Ball, location: 2F
2-1: Foul Ball, location: 2F
2-2: Strikes out swinging
Bottom of the 5th over - 0 run(s), 0 hit(s), 0 error(s), 0 left on base; Bellevue 7 - Idaho Falls 1
TOP OF THE 6TH
Bellevue Bruins batting - Pitching for Idaho Falls Chukars : LHP An Jang-Yop
Batting: LHB José Barrón 0-0: Called Strike
0-1: SINGLE (Groundball, 56D) (infield hit)
Batting: LHB Chia-ch'ing Dodman 0-0: Foul Ball, location: 2F
0-1: Called Strike
0-2: Strikes out swinging
Batting: LHB Jim Schlossnagle 0-0: Ball
1-0: Foul Ball, location: 2F
1-1: Foul Ball, location: 2F
1-2: 2-RUN HOME RUN (Flyball, 78XD), Distance : 431 ft
Batting: RHB Javier Valdés 0-0: Ball
1-0: Called Strike
1-1: Swinging Strike
1-2: Strikes out swinging
Batting: RHB Mark Bishop 0-0: Swinging Strike
0-1: Ground out 3-1 (Groundball, 3L)
Top of the 6th over - 2 run(s), 2 hit(s), 0 error(s), 0 left on base; Bellevue 9 - Idaho Falls 1
BOTTOM OF THE 6TH
Idaho Falls Chukars batting - Pitching for Bellevue Bruins : RHP Omar Casteneda
Batting: RHB Christian Gentry 0-0: SINGLE (Groundball, 5)
Batting: LHB Roberto Soto 0-0: Called Strike
0-1: Ball
1-1: Swinging Strike
1-2: Ball
2-2: Ball
3-2: Base on Balls
Christian Gentry to second
Batting: RHB Fernando Granados 0-0: Called Strike
0-1: Ball
1-1: Foul Ball, location: 2F
1-2: Ball
2-2: Ball
3-2: Grounds into double play, U5-3 (Groundball, 5L)
Roberto Soto to second
Batting: SHB Pablo Coloa 0-0: Ball
1-0: Ball
2-0: SINGLE (Groundball, 34D)
Roberto Soto to third
Runner from 3rd tries for Home, SAFE, no throw or cutoff
Batting: RHB Adrian Rodgers 0-0: Called Strike
0-1: Ball
Pablo Coloa steals 2nd base
1-1: Swinging Strike
1-2: SINGLE (Groundball, 6M)
Pablo Coloa to third
Runner from 3rd tries for Home, SAFE, no throw or cutoff
Batting: RHB Michael Bradshaw 0-0: Ball
1-0: Ball
2-0: Called Strike
2-1: Foul Ball, location: 2F
2-2: Strikes out looking
Bottom of the 6th over - 2 run(s), 3 hit(s), 0 error(s), 1 left on base; Bellevue 9 - Idaho Falls 3
TOP OF THE 7TH
Bellevue Bruins batting - Pitching for Idaho Falls Chukars : LHP An Jang-Yop
Batting: RHB Luis Rodríguez 0-0: Ball
1-0: Ball
2-0: Called Strike
2-1: Ground out 6-3 (Groundball, 6)
Batting: RHB Leo Shoemaker 0-0: Ball
1-0: Swinging Strike
1-1: Ball
2-1: Foul Ball, location: 2F
2-2: Foul Ball, location: 2F
2-2: Strikes out swinging
Batting: RHB Nick Hoskins 0-0: Swinging Strike
0-1: Foul Ball, location: 2F
0-2: Strikes out swinging
Top of the 7th over - 0 run(s), 0 hit(s), 0 error(s), 0 left on base; Bellevue 9 - Idaho Falls 3
BOTTOM OF THE 7TH
Idaho Falls Chukars batting - Pitching for Bellevue Bruins : RHP Omar Casteneda
Pitching: RHP Raúl Colón
Batting: RHB Scott Ramsey 0-0: Ball
1-0: Called Strike
1-1: Ball
2-1: Ball
3-1: Ground out 6-3 (Groundball, 6MD)
Batting: RHB Vicente Cruz 0-0: Ball
1-0: Foul Ball, location: 2F
1-1: Ground out 5-3 (Groundball, 56)
Batting: SHB Félix Medina 0-0: Called Strike
0-1: Ball
1-1: Called Strike
1-2: Foul Ball, location: 2F
1-2: Ball
2-2: Strikes out swinging
Bottom of the 7th over - 0 run(s), 0 hit(s), 0 error(s), 0 left on base; Bellevue 9 - Idaho Falls 3
TOP OF THE 8TH
Bellevue Bruins batting - Pitching for Idaho Falls Chukars : LHP An Jang-Yop
Pitching: LHP Roberto Guillén
Batting: RHB Jesús Vargas 0-0: Foul Ball, location: 2F
0-1: Foul Ball, location: 2F
0-2: Ball
1-2: SINGLE (Groundball, 56D)
Batting: LHB José Barrón 0-0: Ball
1-0: Ball
2-0: Swinging Strike
2-1: Ball
Jesús Vargas steals 2nd base
3-1: Fly out, F7 (Line Drive, 7LM)
Batting: LHB Chia-ch'ing Dodman 0-0: Called Strike
0-1: Foul Ball, location: 2F
0-2: Ball
1-2: Strikes out swinging
Batting: LHB Jim Schlossnagle 0-0: Ball
1-0: Ball
2-0: Called Strike
2-1: Ball
3-1: SINGLE (Groundball, 34)
Jesús Vargas to third
Runner from 3rd tries for Home, SAFE, no throw or cutoff
Batting: RHB Javier Valdés 0-0: Called Strike
0-1: Ball
1-1: Foul Ball, location: 2F
1-2: Fly out, F8 (Line Drive, 8LM)
Top of the 8th over - 1 run(s), 2 hit(s), 0 error(s), 1 left on base; Bellevue 10 - Idaho Falls 3
BOTTOM OF THE 8TH
Idaho Falls Chukars batting - Pitching for Bellevue Bruins : RHP Raúl Colón
Batting: RHB Christian Gentry 0-0: Called Strike
0-1: Ball
1-1: Ground out 6-3 (Groundball, 6)
Batting: LHB Roberto Soto 0-0: Ball
1-0: SOLO HOME RUN (Flyball, 7D), Distance : 398 ft
Batting: RHB Fernando Granados 0-0: Called Strike
0-1: Swinging Strike
0-2: Ball
1-2: Strikes out looking
Batting: SHB Pablo Coloa 0-0: Ball
1-0: Swinging Strike
1-1: Fly out, F7 (Flyball, 7M)
Bottom of the 8th over - 1 run(s), 1 hit(s), 0 error(s), 0 left on base; Bellevue 10 - Idaho Falls 4
TOP OF THE 9TH
Bellevue Bruins batting - Pitching for Idaho Falls Chukars : LHP Roberto Guillén
Pitching: LHP Jim Unknown
Batting: RHB Mark Bishop 0-0: Swinging Strike
0-1: Ball
1-1: Called Strike
1-2: Ball
2-2: Strikes out swinging
Batting: RHB Luis Rodríguez 0-0: Swinging Strike
0-1: Ball
1-1: Ball
2-1: Foul Ball, location: 2F
2-2: Strikes out looking
Batting: RHB Leo Shoemaker 0-0: Ball
1-0: SINGLE (Groundball, 56D)
Batting: RHB Nick Hoskins 0-0: Called Strike
0-1: Fly out, F6 (Line Drive, 6M)
Top of the 9th over - 0 run(s), 1 hit(s), 0 error(s), 1 left on base; Bellevue 10 - Idaho Falls 4
BOTTOM OF THE 9TH
Idaho Falls Chukars batting - Pitching for Bellevue Bruins : RHP Raúl Colón
Now in CF: Edgar González
Batting: RHB Adrian Rodgers 0-0: DOUBLE (Line Drive, 7LD)
Batting: RHB Michael Bradshaw 0-0: Ball
1-0: Ball
2-0: Foul Ball, location: 2F
2-1: Foul Ball, location: 2F
2-2: Ball
3-2: Base on Balls
Batting: RHB Scott Ramsey 0-0: Called Strike
0-1: Ball
1-1: Ball
2-1: SINGLE (Line Drive, 7S)
Adrian Rodgers to third
Michael Bradshaw to second
Runner from 3rd tries for Home, SAFE, throw made home
Batting: RHB Vicente Cruz 0-0: Called Strike
0-1: Reached on error, E5 (Groundball, 56S)
Michael Bradshaw to third
Scott Ramsey to second
Pitching: RHP Will Moore
Batting: SHB Félix Medina 0-0: Ball
1-0: Foul Ball, location: 2F
1-1: Ball
2-1: Ball
3-1: Base on Balls
Michael Bradshaw scores
Scott Ramsey to third
Vicente Cruz to second
Pinch Hitting: RHB Rubén Hernández 0-0: Ball
1-0: Ball
2-0: Called Strike
2-1: Foul Ball, location: 2F
2-2: Strikes out swinging
Batting: LHB Roberto Soto 0-0: Ball
1-0: Ball
2-0: Ball
3-0: Base on Balls
Scott Ramsey scores
Vicente Cruz to third
Félix Medina to second
Pinch Hitting: LHB Armando Peña 0-0: Called Strike
0-1: Ball
1-1: Fly out, F5 (Line Drive, 56)
Batting: SHB Pablo Coloa 0-0: SINGLE (Groundball, 3L)
Vicente Cruz scores
Félix Medina to third
Roberto Soto to second
Runner from 3rd tries for Home, SAFE, no throw or cutoff
Batting: RHB Adrian Rodgers 0-0: Ball
1-0: Ball
2-0: Called Strike
2-1: Fielders Choice at 2nd, U6 (Groundball, 6M)
Bottom of the 9th over - 5 run(s), 3 hit(s), 1 error(s), 2 left on base; Bellevue 10 - Idaho Falls 9
This league is powered by Out of the Park Baseball, the baseball management simulation game for PC, Mac and Linux
Monday, October 3rd, 2016 - OOTP Baseball 16.9 Build 39